 Dungeon Crawl Stone Soup version 0.25-a0-290-g4a1327ee3a (webtiles) character file.

Game seed: 4461125249596992157, levelgen mode: deterministic

65 floatRand the Charmwright (level 4, -1/38 HPs)
             Began as a Gnoll Skald on Dec 14, 2019.
             Was an Initiate of Cheibriados.
             Killed by divine providence
             ... invoked by an orc priest
              (13 damage)
             ... on level 3 of the Dungeon.
             The game lasted 00:02:03 (1683 turns).

floatRand the Charmwright (Gnoll Skald)             Turns: 1683, Time: 00:02:03

Health: -1/38      AC:  3    Str: 15    XL:     4   Next: 13%
Magic:  11/11      EV: 14    Int: 17    God:    Cheibriados [......]
Gold:   83         SH:  0    Dex: 15    Spells: 7/13 levels left

rFire    . . .     SeeInvis .   j - +3 spear
rCold    . . .     Gourm    .   (no shield)
rNeg     . . .     Faith    .   b - +0 leather armour
rPois    +         Spirit   .   o - +0 hat
rElec    .         Reflect  .   (no cloak)
rCorr    .         Harm     .   (no gloves)
MR       .....                  (no boots)
Stlth    ..........             e - amulet of magic regeneration
HPRegen  0.12/turn              p - ring of poison resistance
MPRegen  0.37/turn              k - ring of attention (curse)

@: very slow
A: distributed training, fangs 1, strong nose
a: Bend Time, Renounce Religion


You were on level 3 of the Dungeon.
You worshipped Cheibriados.
Cheibriados was noncommittal.
You were not hungry.

You visited 1 branch of the dungeon, and saw 3 of its levels.

You collected 83 gold pieces.

Inventory:

Hand Weapons
 a - a +0 falchion
 j - a +3 spear (weapon)
Armour
 b - a +0 leather armour (worn)
 o - a +0 hat (worn)
Jewellery
 e - an amulet of magic regeneration (around neck)
 f - a +3 ring of strength
 k - a cursed ring of attention (right hand)
 p - a ring of poison resistance (left hand)
Scrolls
 h - a scroll of magic mapping
 i - a scroll of identify
Potions
 g - 2 potions of lignification
 l - a potion of cancellation
 m - 2 potions of flight {unknown}
 n - a potion of invisibility
 q - a potion of brilliance
 r - a potion of ambrosia
Comestibles
 d - 2 rations


   Skills:
 + Level 4.6 Fighting
 + Level 1.0 Short Blades
 + Level 4.6 Long Blades
 + Level 1.0 Axes
 + Level 1.0 Maces & Flails
 + Level 1.0 Polearms
 + Level 1.0 Staves
 + Level 1.0 Slings
 + Level 1.0 Bows
 + Level 1.0 Crossbows
 + Level 1.0 Throwing
 + Level 2.7 Armour
 + Level 4.6 Dodging
 + Level 1.0 Stealth
 + Level 1.0 Shields
 + Level 1.0 Unarmed Combat
 + Level 5.0 Spellcasting
 + Level 0.7 Conjurations
 + Level 0.7 Hexes
 + Level 5.4 Charms
 + Level 0.7 Summonings
 + Level 0.7 Necromancy
 + Level 0.7 Translocations
 + Level 0.7 Transmutations
 + Level 0.7 Fire Magic
 + Level 0.7 Ice Magic
 + Level 0.7 Air Magic
 + Level 0.7 Earth Magic
 + Level 0.7 Poison Magic
 + Level 1.1 Invocations
 + Level 1.0 Evocations


You had 7 spell levels left.
You knew the following spells:

 Your Spells              Type           Power        Failure   Level  Hunger
a - Infusion              Chrm           ###.         1%          1    None
b - Song of Slaying       Chrm           ###.....     2%          2    #......
c - Regeneration          Chrm/Necr      ##........   14%         3    ###....

Your spell library contained the following spells:

 Spells                   Type           Power        Failure   Level  Hunger
 Shroud of Golubria       Chrm/Tloc      ##....       8%          2    #......
 Spectral Weapon          Hex/Chrm       ##......     14%         3    ###....


Dungeon Overview and Level Annotations

Branches:
Dungeon (3/15)

Altars:
Cheibriados
Fedhas
Nemelex Xobeh

Annotations:
D:3 Ijyb


Innate Abilities, Weirdness & Mutations

Your experience applies equally to all skills.
You have very sharp teeth.
Your uncanny sense of smell can sniff out nearby items.


Message History

Attack whom?
Press: ? - help, Dir - move target cursor, f - orc priest
Aim: an orc priest You reach to attack!
You puncture the orc priest!
The orc priest is heavily wounded.
You closely miss the orc priest.
The orc priest is heavily wounded.
The orc priest barely misses you.
You hit the orc priest.
The orc priest is severely wounded.
The orc priest hits you.
You hit the orc priest.
The orc priest is almost dead.
The orc priest mumbles some strange prayers to Beogh against you.
Beogh smites you!
You hit the orc priest.
The orc priest is almost dead.
The orc priest invokes the aid of Beogh against you.
Beogh smites you!
You die...

.. ##. ..# ..## ##### ..
..# #...####### #.####.#
#.#@....<.#
.....#.####.#o......#
##. #....o...........#
##.. ###.###.#........#
.....###..##.##.......#
##.##....#....##.......#
...#####o......#.......#
...#.........#.#.......#
##.o...........#.......#


You could see an orc priest.

Vanquished Creatures
  An adder (D:2)
  A worm (D:2)
  3 leopard geckos
  13 giant cockroaches
  3 goblins
  7 hobgoblins
  3 jackals (D:1)
  A ball python (D:1)
  4 bats
  2 frilled lizards (D:1)
  2 kobolds (D:1)
  4 rats
44 creatures vanquished.

Notes
Turn   | Place    | Note
-------+----------+-------------------------------------------
     0 | D:1      | floatRand the Gnoll Skald began the quest for the Orb.
     0 | D:1      | Reached XP level 1. HP: 20/20 MP: 6/6
    77 | D:1      | Reached XP level 2. HP: 26/26 MP: 7/7
   271 | D:1      | Found a sparkling altar of Nemelex Xobeh.
   502 | D:1      | Reached XP level 3. HP: 31/31 MP: 9/9
   686 | D:2      | Reached skill level 5 in Spellcasting
   866 | D:2      | Reached skill level 1 in Invocations
  1055 | D:2      | Learned a level 2 spell: Song of Slaying
  1059 | D:2      | Learned a level 3 spell: Regeneration
  1114 | D:2      | Found a blossoming altar of Fedhas.
  1275 | D:2      | Reached skill level 1 in Short Blades
  1275 | D:2      | Reached skill level 1 in Axes
  1275 | D:2      | Reached skill level 1 in Maces & Flails
  1275 | D:2      | Reached skill level 1 in Polearms
  1275 | D:2      | Reached skill level 1 in Staves
  1275 | D:2      | Reached skill level 1 in Slings
  1275 | D:2      | Reached skill level 1 in Bows
  1275 | D:2      | Reached skill level 1 in Crossbows
  1275 | D:2      | Reached skill level 1 in Throwing
  1275 | D:2      | Reached skill level 1 in Stealth
  1275 | D:2      | Reached skill level 1 in Shields
  1275 | D:2      | Reached skill level 1 in Unarmed Combat
  1275 | D:2      | Reached skill level 1 in Evocations
  1275 | D:2      | Reached XP level 4. HP: 34/38 MP: 11/11
  1276 | D:2      | Found a snail-covered altar of Cheibriados.
  1300 | D:2      | Became a worshipper of Cheibriados the Contemplative
  1661 | D:3      | Noticed Ijyb
  1683 | D:3      | Killed from afar by an orc priest

Levels and vault maps discovered:
D:1:      elethiomel_arrival_maze, layout_basic, kennysheep_flooded_box
D:2:      minmay_roachtagon, layout_basic, marbit_many_paths,
          cheibriados_altar_1
D:3:      layout_rooms, old_standard_altar, first_ration,
          ebering_dispersal_statue_hall, minmay_misc_feat_plants, uniq_ijyb,
          uniq_crazy_yiuf_cottage

Skill      XL: |  1  2  3 |
---------------+----------+-----
Spellcasting   | 5 |  5.0
Invocations    | 1 |  1.1
Short Blades   | 1 |  1.0
Axes           | 1 |  1.0
Maces & Flails | 1 |  1.0
Polearms       | 1 |  1.0
Staves         | 1 |  1.0
Slings         | 1 |  1.0
Bows           | 1 |  1.0
Crossbows      | 1 |  1.0
Throwing       | 1 |  1.0
Stealth        | 1 |  1.0
Shields        | 1 |  1.0
Unarmed Combat | 1 |  1.0
Evocations     | 1 |  1.0
Fighting       | |  4.6
Long Blades    | |  4.6
Armour         | |  2.7
Dodging        | |  4.6
Conjurations   | |  0.7
Hexes          | |  0.7
Charms         | |  5.4
Summonings     | |  0.7
Necromancy     | |  0.7
Translocations | |  0.7
Transmutations | |  0.7
Fire Magic     | |  0.7
Ice Magic      | |  0.7
Air Magic      | |  0.7
Earth Magic    | |  0.7
Poison Magic   | |  0.7

Action                   |  1- 3 |  4- 6 || total
-------------------------+-------+-------++-------
Melee: Falchion          |    23 |       ||    23
       Bite              |    14 |       ||    14
       Spear             |    92 |    30 ||   122
       Punch             |     1 |       ||     1
  Use: Scroll            |       |     6 ||     6
  Eat: Chunk             |     1 |     2 ||     3
Armor: Leather armour    |    23 |     6 ||    29
Dodge: Dodged            |    86 |    18 ||   104
       Rpst.: Falchion   |    13 |       ||    13

Table legend:
 A = Non-vault XP
 B = Vault XP
 C = Vault XP percentage of total XP
 D = Non-vault monster count
 E = Vault monster count
 F = Vault count percentage of total count
                 A         B        C        D         E       F
            +---------+---------+-------+---------+---------+-------
      Total |      70 |      23 |  24.7 |      32 |      12 |  27.3
            +---------+---------+-------+---------+---------+-------
        D:1 |      36 |       0 |   0.0 |      22 |       0 |   0.0
        D:2 |      31 |      23 |  42.6 |       9 |      12 |  57.1
        D:3 |       3 |       0 |   0.0 |       1 |       0 |   0.0
            +---------+---------+-------+---------+---------+-------
